EL
ARKANSAS TRAVELERS @ BIRMINGHAM BARONS
07/20/2048
 
TOP OF THE 1ST
Midland RockHounds batting - Pitching for Birmingham Barons : RHP Jesus Gomez
Pitching: RHP Jesus Gomez
Batting: RHB Toshiyuki Suzuki 0-0: Called Strike
0-1: Ground out 4-3 (Groundball, 4M, EV 81.9 MPH)
Batting: RHB Tatashi Shibata 0-0: Called Strike
0-1: Called Strike
0-2: Ball
1-2: Strikes out swinging
Batting: LHB Brenden Burnett 0-0: Fly out, F8 (Line Drive, 8RD, EV 93.1 MPH)
Top of the 1st over - 0 runs, 0 hits, 0 errors, 0 left on base; Midland 0 - Birmingham 0
BOTTOM OF THE 1ST
Birmingham Barons batting - Pitching for Midland RockHounds : RHP Trey Price
Pitching: RHP Trey Price
Batting: RHB Fernando Colorado 0-0: Ball
1-0: Ground out 6-3 (Groundball, 6, EV 102.5 MPH)
Batting: RHB Zhi Xue 0-0: Ball
1-0: Ground out 1-3 (Groundball, 13S, EV 66.3 MPH)
Batting: LHB Juan Concepcion 0-0: Ball
1-0: Foul Ball, location: 2F
1-1: Ball
2-1: Fly out, F7 (Flyball, 78S, EV 85.6 MPH)
Bottom of the 1st over - 0 runs, 0 hits, 0 errors, 0 left on base; Midland 0 - Birmingham 0
TOP OF THE 2ND
Midland RockHounds batting - Pitching for Birmingham Barons : RHP Jesus Gomez
Batting: RHB Javier Garcia 0-0: Foul Ball, location: 2F
0-1: DOUBLE (Groundball, 3L, EV 101.3 MPH)
Batting: RHB Mike Hemann 0-0: Called Strike
0-1: Called Strike
0-2: Ball
1-2: Strikes out looking
Batting: RHB Mun-wah Zeng 0-0: Foul Ball, location: 2F
0-1: Swinging Strike
0-2: Ball
1-2: Foul Ball, location: 2F
1-2: Ball
2-2: Foul Ball, location: 2F
2-2: Foul Ball, location: 2F
2-2: Foul Ball, location: 2F
2-2: Ball
3-2: Strikes out looking
Batting: LHB Justin Bojorquez 0-0: Called Strike
0-1: Ball
1-1: Swinging Strike
1-2: Strikes out swinging
Top of the 2nd over - 0 runs, 1 hit, 0 errors, 1 left on base; Midland 0 - Birmingham 0
BOTTOM OF THE 2ND
Birmingham Barons batting - Pitching for Midland RockHounds : RHP Trey Price
Batting: RHB David Cruz 0-0: Ball
1-0: Foul Ball, location: 2F
1-1: Ball
2-1: Ground out 6-3 (Groundball, 56, EV 86.9 MPH)
Batting: LHB Jorge Rosales 0-0: Ground out U3 (Groundball, 3S, EV 70.6 MPH)
Batting: RHB Osvaldo Corunha 0-0: Ball
1-0: Called Strike
1-1: Foul Ball, location: 2F
1-2: Foul Ball, location: 2F
1-2: Ball
2-2: Foul Ball, location: 2F
2-2: Strikes out looking
Bottom of the 2nd over - 0 runs, 0 hits, 0 errors, 0 left on base; Midland 0 - Birmingham 0
TOP OF THE 3RD
Midland RockHounds batting - Pitching for Birmingham Barons : RHP Jesus Gomez
Batting: RHB Fathi Addae 0-0: Ball
1-0: Ball
2-0: Foul Ball, location: 2F
2-1: Ball
3-1: Called Strike
3-2: Base on Balls
Batting: LHB Clyde Saxton 0-0: Ball
1-0: Called Strike
Fathi Addae steals 2nd, throwing error, E2
Fathi Addae to third
1-1: Ball
2-1: Ground out U3 (Groundball, 34S, EV 92.5 MPH)
Fathi Addae scores
Batting: RHB Toshiyuki Suzuki 0-0: Ball
1-0: SINGLE (Groundball, 56D, EV 106.3 MPH)
Batting: RHB Tatashi Shibata 0-0: Grounds into double play, 5-4-3 (Groundball, 56, EV 80.0 MPH)
Top of the 3rd over - 1 run, 1 hit, 1 error, 0 left on base; Midland 1 - Birmingham 0
BOTTOM OF THE 3RD
Birmingham Barons batting - Pitching for Midland RockHounds : RHP Trey Price
Batting: LHB Brian Snyder 0-0: Called Strike
0-1: Ground out 4-3 (Groundball, 3D, EV 108.1 MPH)
Batting: RHB Jesus Torres 0-0: Swinging Strike
0-1: SINGLE (Flyball, 7LS, EV 96.3 MPH)
Batting: RHB Jiro Inoue 0-0: Ball
1-0: Swinging Strike
1-1: Ball
2-1: Grounds into double play, 4-6-3 (Groundball, 4, EV 86.3 MPH)
Bottom of the 3rd over - 0 runs, 1 hit, 0 errors, 0 left on base; Midland 1 - Birmingham 0
TOP OF THE 4TH
Midland RockHounds batting - Pitching for Birmingham Barons : RHP Jesus Gomez
Batting: LHB Brenden Burnett 0-0: Ground out 1-3 (Groundball, 34S, EV 71.3 MPH)
Batting: RHB Javier Garcia 0-0: Called Strike
0-1: Ball
1-1: Fly out, F7 (Flyball, 7, EV 84.4 MPH)
Batting: RHB Mike Hemann 0-0: Ball
1-0: Ball
2-0: Ball
3-0: Base on Balls
Batting: RHB Mun-wah Zeng 0-0: Ball
1-0: Ball
2-0: Ball
3-0: Fielders Choice at 2nd, 6-4 (Groundball, 6, EV 86.9 MPH)
Top of the 4th over - 0 runs, 0 hits, 0 errors, 1 left on base; Midland 1 - Birmingham 0
BOTTOM OF THE 4TH
Birmingham Barons batting - Pitching for Midland RockHounds : RHP Trey Price
Batting: RHB Fernando Colorado 0-0: Called Strike
0-1: Foul Ball, location: 2F
0-2: Ball
1-2: Ball
2-2: Foul Ball, location: 2F
2-2: Foul Ball, location: 2F
2-2: Ball
3-2: Foul Ball, location: 2F
3-2: Foul Ball, location: 2F
3-2: Foul Ball, location: 2F
3-2: SINGLE (Line Drive, 89M, EV 111.3 MPH)
Batting: RHB Zhi Xue 0-0: Ball
1-0: Swinging Strike
1-1: Called Strike
1-2: Foul Ball, location: 2F
1-2: Grounds into double play, 6-4-3 (Groundball, 6, EV 101.3 MPH)
Batting: LHB Juan Concepcion 0-0: Called Strike
0-1: Ball
1-1: Ball
2-1: Foul Ball, location: 2F
2-2: Foul Ball, location: 2F
2-2: Foul Ball, location: 2F
2-2: Ball
3-2: SINGLE (Groundball, 56, EV 98.1 MPH)
Batting: RHB David Cruz 0-0: Ball
1-0: Ball
2-0: Fly out, F8 (Flyball, 8RM, EV 85.6 MPH)
Bottom of the 4th over - 0 runs, 2 hits, 0 errors, 1 left on base; Midland 1 - Birmingham 0
TOP OF THE 5TH
Midland RockHounds batting - Pitching for Birmingham Barons : RHP Jesus Gomez
Batting: LHB Justin Bojorquez 0-0: Ball
1-0: Ball
2-0: Foul Ball, location: 2F
2-1: Foul Ball, location: 2F
2-2: Ground out U3 (Groundball, 3, EV 80.0 MPH)
Batting: RHB Fathi Addae 0-0: Foul Ball, location: 2F
0-1: Ball
1-1: Ball
2-1: Foul Ball, location: 2F
2-2: DOUBLE (Line Drive, 89XD, EV 106.9 MPH)
Pinch Runner at 2nd Bobby Camarillo:
Batting: LHB Clyde Saxton 0-0: Ball
1-0: Called Strike
1-1: Ball
2-1: Ball
3-1: Base on Balls
Batting: RHB Toshiyuki Suzuki 0-0: Ball
1-0: Ball
2-0: Ball
3-0: Called Strike
3-1: Grounds into double play, 6-4-3 (Groundball, 6, EV 101.9 MPH)
Top of the 5th over - 0 runs, 1 hit, 0 errors, 1 left on base; Midland 1 - Birmingham 0
BOTTOM OF THE 5TH
Birmingham Barons batting - Pitching for Midland RockHounds : RHP Trey Price
Now at 2B: Carlos Valdez
Batting: LHB Jorge Rosales 0-0: Called Strike
0-1: Ground out 4-3 (Groundball, 4, EV 81.3 MPH)
Batting: RHB Osvaldo Corunha 0-0: Ball
1-0: Foul Ball, location: 2F
1-1: Ball
2-1: Ball
3-1: Fly out, F7 (Flyball, 7, EV 91.9 MPH)
Batting: LHB Brian Snyder 0-0: Ball
1-0: Ball
2-0: Fly out, F8 (Flyball, 8LD, EV 87.5 MPH)
Bottom of the 5th over - 0 runs, 0 hits, 0 errors, 0 left on base; Midland 1 - Birmingham 0
TOP OF THE 6TH
Midland RockHounds batting - Pitching for Birmingham Barons : RHP Jesus Gomez
Batting: RHB Tatashi Shibata 0-0: Called Strike
0-1: Foul Ball, location: 2F
0-2: Strikes out swinging
Batting: LHB Brenden Burnett 0-0: Ball
1-0: Ball
2-0: Called Strike
2-1: Called Strike
2-2: Foul Ball, location: 2F
2-2: Ball
3-2: Strikes out swinging
Batting: RHB Javier Garcia 0-0: Ball
1-0: Foul Ball, location: 2F
1-1: Foul Ball, location: 2F
1-2: Foul Ball, location: 2F
1-2: Ball
2-2: Ball
3-2: Fly out, F6 (Popup, 15, EV 85.0 MPH)
Top of the 6th over - 0 runs, 0 hits, 0 errors, 0 left on base; Midland 1 - Birmingham 0
BOTTOM OF THE 6TH
Birmingham Barons batting - Pitching for Midland RockHounds : RHP Trey Price
Batting: RHB Jesus Torres 0-0: Called Strike
0-1: Foul Ball, location: 2F
0-2: Ball
1-2: Strikes out swinging
Pitching: RHP Taylor Pearson
Batting: RHB Jiro Inoue 0-0: Foul Ball, location: 2F
0-1: Called Strike
0-2: Strikes out swinging
Batting: RHB Fernando Colorado 0-0: Ground out 5-3 (Groundball, 56, EV 105.0 MPH)
Bottom of the 6th over - 0 runs, 0 hits, 0 errors, 0 left on base; Midland 1 - Birmingham 0
TOP OF THE 7TH
Midland RockHounds batting - Pitching for Birmingham Barons : RHP Jesus Gomez
Pitching: RHP Alex Montes
Batting: RHB Mike Hemann 0-0: Swinging Strike
0-1: Called Strike
0-2: Strikes out swinging
Batting: RHB Mun-wah Zeng 0-0: Ball
1-0: Ball
2-0: Fly out, F7 (Line Drive, 7S, EV 91.9 MPH)
Batting: LHB Justin Bojorquez 0-0: Called Strike
0-1: Swinging Strike
0-2: Ball
1-2: Strikes out looking
Top of the 7th over - 0 runs, 0 hits, 0 errors, 0 left on base; Midland 1 - Birmingham 0
BOTTOM OF THE 7TH
Birmingham Barons batting - Pitching for Midland RockHounds : RHP Taylor Pearson
Batting: RHB Zhi Xue 0-0: Ball
1-0: Ground out 6-3 (Groundball, 6, EV 85.6 MPH)
Batting: LHB Juan Concepcion 0-0: Ball
1-0: Ball
2-0: Foul Ball, location: 2F
2-1: Ball
3-1: Foul Ball, location: 2F
3-2: Strikes out swinging
Batting: RHB David Cruz 0-0: SINGLE (Line Drive, 7S, EV 92.5 MPH)
Batting: LHB Jorge Rosales 0-0: Foul Ball, location: 2F
0-1: Ball
1-1: Ball
2-1: Foul Ball, location: 2F
2-2: Ball
3-2: Base on Balls
David Cruz to second
Pinch Hitting: LHB Ryan Pearson 0-0: Ball
1-0: Ball
2-0: Foul Ball, location: 2F
2-1: Ball
3-1: Fly out, F9 (Flyball, 9, EV 85.6 MPH)
Bottom of the 7th over - 0 runs, 1 hit, 0 errors, 2 left on base; Midland 1 - Birmingham 0
TOP OF THE 8TH
Midland RockHounds batting - Pitching for Birmingham Barons : RHP Alex Montes
Now at 1B: Joe Stough
Batting: RHB Carlos Valdez 0-0: Ball
1-0: Called Strike
1-1: Ball
2-1: Foul Ball, location: 2F
2-2: Foul Ball, location: 2F
2-2: Ball
3-2: Base on Balls
Batting: LHB Clyde Saxton 0-0: Foul Ball, location: 2F
0-1: Ball
1-1: Ball
2-1: Called Strike
2-2: Ball
Wild Pitch!
Carlos Valdez to second
3-2: 2-RUN HOME RUN (Flyball, 78XD, EV 91.3 MPH), Distance : 421 ft
Batting: RHB Toshiyuki Suzuki 0-0: Ball
1-0: Ground out 4-3 (Groundball, 4, EV 75.6 MPH)
Batting: RHB Tatashi Shibata 0-0: Ball
1-0: Called Strike
1-1: Called Strike
1-2: Ball
2-2: Ball
3-2: SINGLE (Groundball, 4S, EV 70.0 MPH) (infield hit)
Batting: LHB Brenden Burnett 0-0: Called Strike
0-1: Fly out, F5 (Popup, 25F, EV 83.8 MPH)
Batting: RHB Javier Garcia 0-0: Fielders Choice at 2nd, 6-4 (Groundball, 6, EV 106.3 MPH)
Top of the 8th over - 2 runs, 2 hits, 0 errors, 1 left on base; Midland 3 - Birmingham 0
BOTTOM OF THE 8TH
Birmingham Barons batting - Pitching for Midland RockHounds : RHP Taylor Pearson
Batting: LHB Brian Snyder 0-0: Called Strike
0-1: Ball
1-1: Fly out, F7 (Line Drive, 7, EV 91.3 MPH)
Batting: RHB Jesus Torres 0-0: Ball
1-0: Swinging Strike
1-1: Ball
2-1: Called Strike
2-2: Ground out 6-3 (Groundball, 6S, EV 91.3 MPH)
Batting: RHB Jiro Inoue 0-0: Ground out 4-3 (Groundball, 4, EV 84.4 MPH)
Bottom of the 8th over - 0 runs, 0 hits, 0 errors, 0 left on base; Midland 3 - Birmingham 0
TOP OF THE 9TH
Midland RockHounds batting - Pitching for Birmingham Barons : RHP Alex Montes
Pitching: RHP Edwin Velazquez
Batting: RHB Mike Hemann 0-0: Ground out 5-3 (Groundball, 56, EV 103.1 MPH)
Batting: RHB Mun-wah Zeng 0-0: Called Strike
0-1: Foul Ball, location: 2F
0-2: Ball
1-2: Ball
2-2: Ball
3-2: Fly out, F8 (Flyball, 8LD, EV 100.6 MPH)
Batting: LHB Justin Bojorquez 0-0: Ball
1-0: Called Strike
1-1: Foul Ball, location: 2F
1-2: Fly out, F5 (Popup, 5, EV 57.5 MPH)
Top of the 9th over - 0 runs, 0 hits, 0 errors, 0 left on base; Midland 3 - Birmingham 0
BOTTOM OF THE 9TH
Birmingham Barons batting - Pitching for Midland RockHounds : RHP Taylor Pearson
Pitching: LHP Tadasumi Adachi
Batting: RHB Fernando Colorado 0-0: Ground out 5-3 (Groundball, 56, EV 84.4 MPH)
Batting: RHB Zhi Xue 0-0: Called Strike
0-1: Ball
1-1: Swinging Strike
1-2: Ball
2-2: Strikes out swinging
Batting: LHB Juan Concepcion 0-0: Called Strike
0-1: Foul Ball, location: 2F
0-2: Ball
1-2: Ball
2-2: Strikes out swinging
Bottom of the 9th over - 0 runs, 0 hits, 0 errors, 0 left on base; Midland 3 - Birmingham 0
Tuesday, March 28th , 2023 - OOTP Baseball 23.10 Build 110